 Dungeon Crawl Stone Soup version 0.27.1-3-gb3d3a73c9e (webtiles) character file.

Game seed: 17053517395785514024

25 TigerRab the Chiller (level 2, -3/19 HPs)
             Began as a Demonspawn Ice Elementalist on Oct 13, 2021.
             Slain by an ogre (12 damage)
             ... on level 2 of the Dungeon.
             The game lasted 00:17:49 (1802 turns).

TigerRab the Chiller (Demonspawn Ice Elementalist)  Turns: 1802, Time: 00:17:50

Health: -3/19      AC:  8    Str:  8    XL:     2   Next: 86%
Magic:  5/5        EV:  3    Int: 16    God:
Gold:   91         SH:  4    Dex: 13    Spells: 4/5 levels left

rFire    . . .     SeeInvis .   j - +1 mace (protect)
rCold    . . .     Faith    .   (no shield)
rNeg     . . .     Spirit   .   q - +0 chain mail
rPois    .         Reflect  .   (no helmet)
rElec    .         Harm     .   (no cloak)
rCorr    .         Rampage  .   (no gloves)
Will     .....                  (no boots)
Stlth    ..........             (no amulet)
HPRegen  0.06/turn              (no ring)
MPRegen  0.09/turn              (no ring)

@: no status effects
A: large bone plates 1
a: no special abilities


You were on level 2 of the Dungeon.
You visited 1 branch of the dungeon, and saw 3 of its levels.

You collected 91 gold pieces.

Inventory:

Hand Weapons
 j - a +1 mace of protection (weapon)
 v - a +1 short sword of venom
Missiles
 e - 17 poisoned darts
 i - 97 arrows
 p - 59 stones (quivered)
 r - 12 bolts
Armour
 q - a +0 chain mail (worn)
 t - a +0 ring mail
Magical Staves
 d - a staff of conjuration
Potions
 h - a potion of lignification


   Skills:
 + Level 0.3 Fighting
 + Level 0.2 Throwing
 + Level 1.8 Dodging
 + Level 1.9 Stealth
 + Level 2.1 Spellcasting
 + Level 4.1 Ice Magic


You had 4 spell levels left.
You knew the following spells:

 Your Spells              Type           Power      Damage    Failure   Level
a - Freeze                Ice            60%        1d8       100%        1

Your spell library contained the following spells:

 Spells                   Type           Power      Damage    Failure   Level
 Frozen Ramparts          Ice            30%        1d5       100%        3
 Ozocubu's Armour         Ice            15%        N/A       100%        3
 Hailstorm                Conj/Ice       8%         3d4       100%        4


Dungeon Overview and Level Annotations

Branches:
Dungeon (3/15)

Altars:

Shops:
D:2 (


Innate Abilities, Weirdness & Mutations

You are partially covered in large bone plates. (SH +4)


Message History

Wisps of shadow whirl around you...
It was a scroll of summoning.
As you read the scroll labelled PAXETHIOCS, it crumbles to dust.
You feel strangely unstable.
It was a scroll of teleportation.
You swap places.
You swap places.
Your surroundings suddenly seem different.
There is a stone staircase leading down here.
There is a stone staircase leading down here.
You climb downwards.
Your summoned ally is left behind.
There is a stone staircase leading up here.
Found an orange potion.
An ogre comes into view. It is wielding a +0 giant club.
The ogre shouts!
There is a stone staircase leading up here.
Throw: 18 darts (poison)
Press: ? - help, Shift-Dir - straight line, f - ogre
Aim: an ogre, wielding a +0 giant club (71% to hit)
You throw a poisoned dart. The poisoned dart hits the ogre.
The ogre is poisoned.
Throw: 61 stones
Press: ? - help, Q - select action, (/) - cycle Shift-Dir - straight line, f/p - ogre
Aim: an ogre, wielding a +0 giant club (poisoned, 71% to hit)
Okay, then.
Throw: 61 stones
Press: ? - help, Shift-Dir - straight line, f/p - ogre
Aim: an ogre, wielding a +0 giant club (poisoned, 72% to hit)
You throw a stone. The stone barely misses the ogre.
Throw: 60 stones
Press: ? - help, Q - select action, (/) - cycle Shift-Dir - straight line, f/p - ogre
Aim: an ogre, wielding a +0 giant club (poisoned, 71% to hit)
You throw a stone.
The stone hits the ogre but does no damage.
The ogre hits you with a +0 giant club!
Ouch! That really hurt!
You can't go down here!
You climb upwards.
There is a stone staircase leading down here.
The ogre hits you with a +0 giant club!
Ouch! That really hurt!
You die...

#.###.#.#.....##.##
#.# #.#.#.....##..#
#.# #.#.#.....###J#
#.# #.#.#.....# #S#
#.# #.#.#####.###.#
#.# #.#.#####.....#
#.# #.#.......#####
#.###.####.........
#>@................
#O###'####S##.#....
###..S.............<.
#.........J..##.#####
#........######......
#..........# #######
##.........#
#.........#
#...#.....#


You could see an ogre (poisoned).

Vanquished Creatures
  A gnoll (D:1)
  A ball python (D:2)
  2 endoplasms (D:1)
  A giant cockroach (D:1)
  A hobgoblin (D:1)
  A quokka (D:1)
  A frilled lizard (D:2)
  3 goblins
  2 kobolds (D:2)
  2 rats (D:1)
15 creatures vanquished.

Vanquished Creatures (others)
  5 toadstools (D:1)
5 creatures vanquished.

Grand Total: 20 creatures vanquished

Notes
Turn   | Place    | Note
-------+----------+-------------------------------------------
     0 | D:1      | TigerRab the Demonspawn Ice Elementalist began the quest
                  | for the Orb.
     0 | D:1      | Reached XP level 1. HP: 13/13 MP: 3/3
    91 | D:1      | Gained mutation: You are partially covered in large bone
                  | plates. (SH +4) [demonic ancestry]
    91 | D:1      | Reached XP level 2. HP: 19/19 MP: 3/5
   123 | D:1      | Reached skill level 4 in Ice Magic
  1578 | D:2      | Found Udaig's Weapon Emporium.
  1791 | D:3      | Noticed an ogre
  1802 | D:2      | Slain by an ogre

Illustrated notes

Levels and vault maps discovered:
D:1:      ldierk_walled_garden, layout_basic, st_stairs_3
D:2:      layout_basic, serial_shops, shop_statue, minmay_misc_feat_pillars
D:3:      layout_basic, mainiacjoe_overflow_alcove_4,
          chequers_ecumenical_altar_simple_redux

Skill      XL: |  1  2 |
---------------+-------+-----
Ice Magic      | 4 |  4.1
Fighting       | |  0.3
Throwing       | |  0.2
Dodging        | |  1.8
Stealth        | |  1.9
Spellcasting   | |  2.1

Action                   || total
-------------------------++-------
Melee: Mace              ||    37
Throw: Dart              ||    17
       Stone             ||    10
 Cast: Freeze            ||     1
  Use: Scroll            ||     5
       Potion            ||     1
Armor: Robe              ||     3
       Chain mail        ||     3
Dodge: Dodged            ||    16
Block: Other             ||     4
